 Dungeon Crawl Stone Soup version 0.32-a0-422-g28b100f618 (webtiles) character file.

Game seed: 14308700199107887773

6412 ezpacito the Trooper (level 10, 0/76 HPs)
             Began as a Coglin Chaos Knight on Feb 22, 2024.
             Was a Plaything of Xom.
             Slain by an orc warrior
             ... wielding a +0 glaive
              (6 damage)
             ... on level 9 of the Dungeon.
             The game lasted 00:16:20 (8560 turns).

ezpacito the Trooper (Coglin Chaos Knight)          Turns: 8560, Time: 00:16:21

Health: 0/76       AC: 18    Str: 21    XL:     10   Next: 98%
Magic:  16/16      EV: 11    Int: 15    God:    Xom [......]
Gold:   523        SH:  0    Dex: 15    Spells: 3/17 levels left

rFire   + + +        a - +0 hand axe (chaos) {Kai}
rCold   + . .        A - staff of conjuration {Tertia}
rNeg    . . .        s - +3 chain mail {Will+}
rPois   +            (no helmet)
rElec   +            f - +0 cloak
rCorr   +            B - +0 pair of gloves
SInv    +            q - +2 pair of boots
Will    ++...        b - amulet of faith Stlth
                     D - ring of Jikh {rF++ Str+6 Int+3 SInv}
HPRegen 0.32/turn    m - ring of willpower
MPRegen 0.15/turn

%: faith
@: resistant, immotile, revving
A: off-hand wielding, slow wielding, warmup strikes, legs shutdown, fangs 1,
sturdy frame 1
a: Renounce Religion


You were on level 9 of the Dungeon.
You worshipped Xom.
You were a very special plaything of Xom.
You visited 2 branches of the dungeon, and saw 10 of its levels.

You collected 523 gold pieces.

Inventory:

Hand Weapons
 a - a +0 hand axe of chaos (weapon) {Kai}
 c - a +3 battleaxe
 j - a +0 falchion of freezing {Ulrich}
 k - a +2 short sword of draining
 n - a +0 hand axe
 o - a +0 long sword {Vusi}
 w - a +3 scythe of flaming
 I - a +0 war axe
Missiles
 d - 9 poisoned darts (quivered)
 r - 7 boomerangs
Armour
 f - a +0 cloak (worn)
 q - a +2 pair of boots (worn)
 s - a +3 chain mail of willpower (worn)
 y - an orb of mayhem
 B - a +0 pair of gloves (worn)
Magical Staves
 A - a staff of conjuration (offhand) {Tertia}
Jewellery
 b - an amulet of faith (around neck)
 i - a +5 ring of evasion
 m - a ring of willpower (right grasper)
 v - an amulet of guardian spirit
 z - a ring of positive energy
 D - the ring of Jikh (left grasper) {rF++ Str+6 Int+3 SInv}
   (Xom gifted it to you on level 7 of the Dungeon)

   [ring of strength]

   Str+6:     It affects your strength (+6).
   Int+3:     It affects your intelligence (+3).
   rF++:      It greatly protects you from fire.
   SInv:      It lets you see invisible.
Talismans
 K - the maw talisman of the Lizard {rElec rC- rN+ Str+4}
   (You found it on level 9 of the Dungeon)

   [maw talisman]

   Str+4:     It affects your strength (+4).
   rC-:       It makes you vulnerable to cold.
   rElec:     It insulates you from electricity.
   rN+:       It protects you from negative energy.
Wands
 F - a wand of flame (1)
Scrolls
 e - 3 scrolls of teleportation
 h - a scroll of amnesia
 l - 5 scrolls of fear
 C - a scroll of revelation
 E - a scroll of silence {unknown}
 H - a scroll of vulnerability {unknown}
Potions
 g - 5 potions of curing
 p - 2 potions of mutation
 t - 2 potions of enlightenment


   Skills:
 * Level 6.1 Fighting
 * Level 4.6 Long Blades
 * Level 6.0 Axes
 * Level 3.7 Staves
 + Level 2.7 Throwing
 * Level 4.9 Armour
 * Level 4.5 Dodging
 + Level 2.9 Stealth
 - Level 1.2 Unarmed Combat
 * Level 4.0 Spellcasting
 + Level 1.3 Conjurations
 + Level 2.8 Hexes
 * Level 4.1 Summonings
 + Level 2.4 Ice Magic
 * Level 5.4 Evocations
 + Level 0.2 Shapeshifting


You had 3 spell levels left.
You knew the following spells:

 Your Spells              Type           Power      Damage    Failure   Level
a - Summon Ice Beast      Ice/Summ       12%        N/A       50%         3
b - Summon Mana Viper     Hex/Summ       13%        N/A       99%         5
c - Stone Arrow           Conj/Erth      14%        3d7       85%         3
d - Passwall              Erth           3%         N/A       91%         3

Your spell library contained the following spells:

 Spells                   Type           Power      Damage    Failure   Level
 Sandblast                Erth           6%         2d5       56%         1
 Cause Fear               Hex            5%         N/A       91%         4
 Animate Armour           Summ/Erth      18%        N/A       97%         4
 Anguish                  Hex/Necr       3%         N/A       98%         4
 Brom's Barrelling Bould  Conj/Erth      7%         2d3       99%         4
 Vhi's Electric Charge    Tloc/Air       6%         N/A       100%        4
 Arcjolt                  Conj/Air       3%         1d13      100%        5
 Plasma Beam              Fire/Air       1%         2x1d11    100%        6
 Enfeeble                 Hex            5%         N/A       100%        7
 Monstrous Menagerie      Summ           7%         N/A       100%        7
 Lehudib's Crystal Spear  Conj/Erth      3%         10d3      100%        8


Dungeon Overview and Level Annotations

Branches:
Dungeon (9/15)             Temple (1/1) D:5
   Lair: D:8-11         Orc: D:9-12

Altars:
Ashenzari
Cheibriados
Dithmenos
Elyvilon
Fedhas
Gozag
Hepliaklqana
Kikubaaqudgha
Makhleb
Nemelex Xobeh
Okawaru
Qazlal
Ru
Sif Muna
Trog
Uskayaw
Vehumet
Wu Jian
Xom
Yredelemnul
Zin
The Shining One


Innate Abilities, Weirdness & Mutations

You can wield a second weapon in your off-hand.
It takes a long time for you to wield or remove held weapons.
Your first few attacks do less damage.
Attacking and casting redirects power from your legs.
You have very sharp teeth.
Your movements are slightly less encumbered by armour. (ER -2)


Message History

Press: ? - help, Shift-Dir - straight line, f/p - orc warrior
Aim: an orc warrior, wielding a +0 glaive, wearing a +0 plate armour and quivering boomerangs (heavily wounded, 74% to hit)
The puff of flame misses the orc warrior.
The orc warrior hits you but does no damage.
Unknown command.
Aiming: Throw Flame
Press: ? - help, Shift-Dir - straight line, f/p - orc warrior
Aim: an orc warrior, wielding a +0 glaive, wearing a +0 plate armour and quivering boomerangs (heavily wounded, 74% to hit)
The puff of flame hits the orc warrior.
The orc warrior is heavily wounded.
The orc warrior hits you but does no damage.
Aiming: Throw Flame
Press: ? - help, Shift-Dir - straight line, f/p - orc warrior
Aim: an orc warrior, wielding a +0 glaive, wearing a +0 plate armour and quivering boomerangs (heavily wounded, 74% to hit)
The puff of flame hits the orc warrior but does no damage.
The orc warrior is heavily wounded.
The orc warrior completely misses you.
Aiming: Throw Flame
Press: ? - help, Shift-Dir - straight line, f/p - orc warrior
Aim: an orc warrior, wielding a +0 glaive, wearing a +0 plate armour and quivering boomerangs (heavily wounded, 74% to hit)
The puff of flame hits the orc warrior.
The orc warrior is severely wounded.
You feel less wooden.
Your +0 cloak unmelds from your body.
Your +0 pair of gloves unmelds from your body.
Your +2 pair of boots unmelds from your body.
Your +3 chain mail of willpower unmelds from your body.
You feel strong-willed.
The orc warrior throws a boomerang.
The boomerang hits you.
* * * LOW HITPOINT WARNING * * *
The orc warrior hits you from afar with a +0 glaive!
* * * LOW HITPOINT WARNING * * *
The orc warrior barely misses you.
Items here: )) [ †.
You hit the orc warrior but do no damage.
The orc warrior is severely wounded.
You hit the orc warrior with your +0 hand axe of chaos.
The orc warrior seems to slow down.
The orc warrior hits you with a +0 glaive.
You die...

#........ #........
#<....... #.........
#oß≈≈S≈≈≈≈ #o≈ß≈≈≈≈≈≈
#.≈≈o+#################
#.≈≈.#.......))).......
#.≈≈##......o@.).......
#.o.y .......))ß.......
.................
.................
#################


You could see an orc warrior (slow).

Vanquished Creatures
  A troll (D:9)
  Prince Ribbit (D:5)
  Sigmund (D:6)
  6 yaks (D:8)
  A steam dragon (D:5)
  Edmund (D:5)
  A water moccasin (D:9)
  A swamp drake (D:9)
  2 orc warriors (D:8)
  2 ice beasts (D:6)
  2 sky beasts (D:7)
  A black bear (D:6)
  2 ogres
  4 centaurs
  2 phantoms
  A kobold brigand (D:8)
  2 scorpions
  2 bullfrogs (D:7)
  7 wights
  8 killer bees
  4 hounds (D:6)
  A jelly (D:4)
  6 orc priests
  8 orc wizards
  4 iguanas
  A sleepcap (D:7)
  Natasha (D:2)
  Terence (D:2)
  6 adders
  2 white imps
  2 ufetubi (D:5)
  A ribbon worm (D:5)
  37 orcs
  5 bats
  8 endoplasms
  A giant cockroach (D:3)
  6 goblins
  4 hobgoblins
  9 jackals
  A quokka (D:1)
  4 ball pythons
  5 frilled lizards
  10 kobolds
175 creatures vanquished.

Vanquished Creatures (collateral kills)
  Jeremiah (D:6)
  A troll (D:9)
  Eustachio (D:5)
  A yak (D:9)
  A water moccasin (D:6)
  2 orc warriors
  A centaur (D:9)
  A bullfrog (D:9)
  2 shadow imps
  2 orcs (D:8)
13 creatures vanquished.

Vanquished Creatures (others)
  An eldritch tentacle (D:5)
  An ice beast (D:5)
  A wight (D:5)
  An orc wizard (D:8)
  An endoplasm (D:1)
5 creatures vanquished.

Grand Total: 193 creatures vanquished

Notes
Turn   | Place    | Note
-------+----------+-------------------------------------------
     0 | D:1      | ezpacito the Coglin Chaos Knight began the quest for the
                  | Orb.
     0 | D:1      | Reached XP level 1. HP: 18/18 MP: 1/1
    58 | D:1      | XOM: silly message
    63 | D:1      | Reached skill level 1 in Dodging
   116 | D:1      | Reached XP level 2. HP: 24/24 MP: 2/2
   456 | D:1      | Reached XP level 3. HP: 25/29 MP: 3/3
   661 | D:1      | Found a faded altar of an unknown god.
   969 | D:2      | XOM: stealth player
   995 | D:2      | Noticed Terence
  1013 | D:2      | XOM: enchant monster (good)
  1060 | D:2      | Killed Terence
  1061 | D:2      | Reached skill level 1 in Spellcasting
  1061 | D:2      | Reached XP level 4. HP: 35/35 MP: 5/5
  1279 | D:2      | XOM: smoke on damage
  1281 | D:2      | Reached skill level 1 in Unarmed Combat
  1337 | D:2      | XOM: silly message
  1527 | D:2      | Reached XP level 5. HP: 41/41 MP: 6/6
  1543 | D:2      | Noticed Natasha
  1549 | D:2      | XOM: divination: detect creatures
  1550 | D:2      | Killed Natasha
  1906 | D:3      | XOM: 9-stop teleportation journey
  2044 | D:3      | XOM: 5-stop teleportation journey
  2383 | D:3      | XOM: noise
  2534 | D:4      | Reached skill level 1 in Stealth
  2564 | D:4      | XOM: divination: detect items
  2568 | D:4      | Reached XP level 6. HP: 38/48 MP: 8/8
  2605 | D:4      | XOM: blink monster(s)
  2606 | D:4      | Reached skill level 1 in Long Blades
  3012 | D:4      | XOM: 2-stop teleportation journey
  3017 | D:4      | Learned a level 3 spell: Summon Ice Beast
  3023 | D:4      | Learned a level 5 spell: Summon Mana Viper
  3238 | D:4      | XOM: summons 4 hostile demons
  3512 | D:5      | Entered Level 5 of the Dungeon
  3534 | D:5      | XOM: noise
  3538 | D:5      | Reached XP level 7. HP: 54/54 MP: 8/10
  3598 | D:5      | Noticed a steam dragon
  3615 | D:5      | HP: 2/54 [wight/+0 battleaxe (1)]
  3620 | D:5      | XOM: cast spell 'Summon Mana Viper'
  3620 | D:5      | HP: 2/54 [wight/+0 falchion (2)]
  3621 | D:5      | Killed a steam dragon
  3622 | D:5      | Reached skill level 1 in Summonings
  3622 | D:5      | Reached skill level 1 in Evocations
  3664 | D:5      | XOM: scenery: 3 doors open
  3839 | D:5      | XOM: confuse monster(s)
  3846 | D:5      | XOM: divine lightning
  3851 | D:5      | XOM: cast spell 'Malign Gateway'
  3853 | D:5      | Reached skill level 1 in Throwing
  3855 | D:5      | Reached skill level 1 in Staves
  3855 | D:5      | Reached XP level 8. HP: 40/61 MP: 11/11
  3961 | D:5      | XOM: fog
  4117 | D:5      | Noticed Edmund
  4146 | D:5      | Killed Edmund
  4288 | D:5      | Found a staircase to the Ecumenical Temple.
  4290 | D:5      | Noticed Prince Ribbit
  4291 | D:5      | Noticed Eustachio
  4293 | D:5      | XOM: smoke on damage
  4328 | D:5      | XOM: cast spell 'Summon Dragon'
  4329 | D:5      | Killed Prince Ribbit
  4330 | D:5      | Reached skill level 1 in Hexes
  4330 | D:5      | Killed Eustachio
  4331 | D:5      | Reached skill level 1 in Ice Magic
  4431 | D:5      | Found an ornate altar of the Wu Jian Council.
  4600 | Temple   | Entered the Ecumenical Temple
  4614 | D:6      | XOM: 1-stop teleportation journey
  4636 | D:6      | XOM: noise
  4646 | D:6      | Reached XP level 9. HP: 45/67 MP: 13/13
  4652 | D:6      | Reached skill level 5 in Fighting
  4655 | D:6      | Noticed Jeremiah
  4660 | D:6      | Killed Jeremiah
  4661 | D:6      | Reached skill level 5 in Axes
  4762 | D:6      | XOM: give mutations
  4762 | D:6      | Gained mutation: You occasionally lose the ability to read
                  | scrolls when taking damage. [Xom's mischief]
  4762 | D:6      | Gained mutation: You are vulnerable to cold. (rC-) [Xom's
                  | mischief]
  4852 | D:6      | XOM: summons 5 hostile demons
  5055 | D:6      | XOM: silly message
  5122 | D:6      | Noticed Sigmund
  5140 | D:6      | Killed Sigmund
  5366 | D:6      | XOM: noise
  5618 | D:6      | XOM: noise
  5622 | D:6      | XOM: noise
  5830 | D:7      | Learned a level 3 spell: Stone Arrow
  5933 | D:7      | XOM: divination: magic mapping
  5937 | D:7      | XOM: silly message
  5948 | D:7      | XOM: silly message
  5951 | D:7      | XOM: silly message
  5969 | D:7      | Found a glowing golden altar of the Shining One.
  5999 | D:7      | XOM: divination: detect creatures
  6078 | D:7      | XOM: potion effect (might)
  6152 | D:7      | XOM: divination: magic mapping
  6155 | D:7      | Reached XP level 10. HP: 74/74 MP: 15/15
  6292 | D:7      | XOM: god gift: transparent wooden ring {god gift}
  6292 | D:7      | Identified the ring of Jikh {rF++ Str+6 Int+3 SInv} (Xom
                  | gifted it to you on level 7 of the Dungeon)
  6308 | D:8      | Lost mutation: You occasionally lose the ability to read
                  | scrolls when taking damage. [potion of mutation]
  6308 | D:8      | Lost mutation: You are vulnerable to cold. (rC-) [potion of
                  | mutation]
  6308 | D:8      | Gained mutation: Your movements are slightly less
                  | encumbered by armour. (ER -2) [potion of mutation]
  6308 | D:8      | Gained mutation: You have very sharp teeth. [potion of
                  | mutation]
  6333 | D:8      | XOM: smoke on damage
  6343 | D:8      | XOM: cast spell 'Summon Mana Viper'
  6397 | D:8      | XOM: 1-stop teleportation journey
  6544 | D:8      | XOM: enchant monster (bad)
  6961 | D:8      | XOM: silly message
  6963 | D:8      | XOM: 2-stop teleportation journey
  7258 | D:8      | XOM: god gift: leather armour {god gift}
  7687 | D:8      | XOM: confuse monster(s)
  7692 | D:8      | XOM: enchant monster (good)
  7695 | D:8      | XOM: scenery: summon butterflies
  7833 | D:8      | Reached skill level 5 in Evocations
  7838 | D:8      | Reached skill level 1 in Conjurations
  7977 | D:8      | Learned a level 3 spell: Passwall
  8164 | D:9      | XOM: cast spell 'Monstrous Menagerie'
  8209 | D:9      | Identified the maw talisman of the Lizard {rElec rC- rN+
                  | Str+4}
  8238 | D:9      | Found a hazy altar of Hepliaklqana.
  8364 | D:9      | XOM: polymorph wyvern -> ogre
  8421 | D:9      | XOM: confusion
  8427 | D:9      | XOM: summons 4 hostile demons
  8428 | D:9      | Noticed a smoke demon
  8504 | D:9      | XOM: smoke on damage
  8518 | D:9      | Noticed a salamander
  8520 | D:9      | XOM: swap monsters
  8521 | D:9      | a salamander changed into a crocodile
  8526 | D:9      | XOM: 2-stop teleportation journey
  8560 | D:9      | Slain by an orc warrior

Illustrated notes

Levels and vault maps discovered:
D:1:      shiori_arrival_oz, layout_basic, shapermc_ecumenical_altar_notcrosses
D:2:      layout_basic, uniq_terence, uniq_natasha
D:3:      layout_loops_ring
D:4:      layout_loops_ring
D:5:      layout_basic, nicolae_wu_jian_glorious_leap,
          minmay_temple_entry_offerings, uniq_prince_ribbit1, uniq_eustachio,
          uniq_edmund
D:6:      layout_basic, uniq_jeremiah, uniq_sigmund
D:7:      layout_rooms, tso_metal_star, st_stairs_6
D:8:      layout_loops_ring
D:9:      minmay_the_grid_triangle_9x9_recursive_2
          [minmay_the_grid_triangle_9x9_prize_insulated,
          minmay_the_grid_triangle_9x9_sparse_checkered,
          minmay_the_grid_triangle_9x9_stretched_checkered,
          minmay_the_grid_triangle_9x9_impossible_snake], layout_long_grid,
          nicolae_overflow_crystal_walls, erik_orc_2
Temple:   hellmonk_temple_of_storms

Skill      XL: |  1  2  3  4  5  6  7  8  9 10 |
---------------+-------------------------------+-----
Dodging        | 1 2 3 4 |  4.5
Armour         | 2 3 4 |  4.9
Spellcasting   | 1 2 3 4 |  4.0
Unarmed Combat | 1 |  1.2
Stealth        | 1 2 |  2.9
Fighting       | 4 5 6 |  6.1
Long Blades    | 1 2 3 4 |  4.6
Axes           | 4 5 6 |  6.0
Summonings     | 1 2 3 4 |  4.1
Evocations     | 1 3 4 5 |  5.4
Throwing       | 1 2 |  2.7
Staves         | 1 2 3 |  3.7
Hexes          | 1 2 |  2.8
Ice Magic      | 1 2 |  2.4
Conjurations   | 1 |  1.3
Shapeshifting  | |  0.2

Action                     |  1- 3 |  4- 6 |  7- 9 | 10-12 || total
---------------------------+-------+-------+-------+-------++-------
  Melee: Hand axe          |    73 |   121 |   270 |   214 ||   678
         Long sword        |       |    61 |       |       ||    61
         Falchion          |       |    26 |   143 |       ||   169
         Staff             |       |       |   126 |   204 ||   330
         Bite              |       |       |       |    24 ||    24
  Throw: Dart              |       |       |     1 |       ||     1
  Evoke: Wand              |       |       |       |    14 ||    14
    Use: Scroll            |       |     5 |     8 |     3 ||    16
         Potion            |       |     1 |     3 |     7 ||    11
   Stab: Sleeping          |     3 |     2 |       |       ||     5
         Confused          |       |     2 |     6 |     5 ||    13
         Petrified         |       |       |     4 |       ||     4
 Armour: Leather armour    |    30 |    13 |       |       ||    43
         Scale mail        |       |    82 |    45 |       ||   127
         Chain mail        |       |       |   133 |   218 ||   351
         Skin              |       |       |       |    82 ||    82
  Dodge: Dodged            |    48 |   127 |   217 |   167 ||   559

Table legend: (Time is in decaauts)
 A = Elapsed time spent in this place.
 B = Non-inter-level travel time spent in this place.
 C = Inter-level travel time spent in this place.
 D = Time resting spent in this place.
 E = Time spent auto-exploring this place.
 F = Levels seen in this place.
 G = Mean time per level.
                   A        B        C        D        E       F      G
               +--------+--------+--------+--------+--------+-----+--------+
         Total |   8612 |   7985 |    627 |    870 |   5517 |  10 |  861.2 |
       Dungeon |   8611 |   7984 |    627 |    870 |   5517 |   9 |  956.8 |
        Temple |      1 |      1 |      0 |      0 |      0 |   1 |    1.0 |
               +--------+--------+--------+--------+--------+-----+--------+

Top non-repeatable levels by time:
     D:8: 1767 daAuts
     D:6: 1155 daAuts
     D:5: 1106 daAuts
     D:4: 998 daAuts
     D:1: 975 daAuts
     D:2: 901 daAuts
     D:3: 670 daAuts
     D:7: 544 daAuts
     D:9: 492 daAuts
  Temple: 1 daAuts
